Map: Ruins of Seras

Players

LiquidSnute (Snute)

  • Race: Zerg Zerg
  • League: Grandmaster

Lilbow - Winner!

  • Race: Protoss Protoss
  • League: Grandmaster

Event: 2016 WCS Winter Challenger Europe

VOD

Have the link to the VOD?

Description

Time

  • Played on: Feb. 14, 2016, 10:48 a.m.
  • Length: 8:56

All games in this series

Show
View Real Time Build Order
Export as new Build Order

LiquidSnute Zerg 

Build Orders: Hatch First, Zergling Baneling 

Get SALT Encoding   

  12  0:00  Drone  
  13  0:12  Overlord  
  13  0:17  Drone  
  14  0:31  Drone x2  
  14  0:34  Drone  
  17  0:52  Hatchery  
  17  0:55  Drone  
  17  0:59  Drone  
  17  1:01  Extractor  
  17  1:15  Spawning Pool  
  17  1:17  Drone  
  17  1:21  Drone  
  18  1:28  Drone  
  19  1:38  Overlord  
  19  1:50  Drone  
  20  2:01  Metabolic Boost, Drone, Queen  
  21  2:06  Queen  
  25  2:09  Zergling x2  
  25  2:13  Zergling x2  
  27  2:17  Zergling x2  
  28  2:24  Baneling Nest  
  28  2:26  Zergling x2  
  28  2:29  Zergling x2  
  29  2:33  Zergling x2  
  29  2:36  Zergling x2  
  31  2:45  Zergling x2  
  31  2:47  Overlord  
  32  2:55  Zergling x2  
  32  2:59  Zergling x2  
  32  3:05  Zergling x2  
  34  3:08  Zergling x2  
  34  3:09  Zergling x6  
  38  3:14  Zergling x4  
  38  3:17  Zergling x2  
  37  3:35  Zergling x8  
  40  3:45  Baneling x9  
  40  3:48  Zergling x4  
  42  3:51  Zergling x2  
  43  3:59  Overlord  
  43  4:02  Baneling x2  
  39  4:11  Zergling x6  
  42  4:19  Zergling x2  
  42  4:20  Zergling x4  
  43  4:28  Zergling x2  
  43  4:29  Zergling x4  
  39  4:34  Zergling x4  
  36  4:44  Zergling x6  
  38  4:53  Zergling x4  
  38  4:59  Zergling x4  
  42  5:10  Zergling x8  
  46  5:14  Zergling x2  
  44  5:21  Zergling x2  
  44  5:22  Zergling x4  
  43  5:29  Zergling x2  
  43  5:30  Zergling x2  
  42  5:38  Lair  
  39  5:44  Drone  
  39  5:45  Drone x2  
  39  5:48  Drone  
  43  5:54  Drone x2  
  45  5:57  Drone  
  45  6:03  Drone x3  
  46  6:08  Drone x2  
  45  6:11  Drone  
  45  6:15  Drone x2  
  47  6:32  Extractor  
  47  6:33  Zergling x10, Extractor  
  47  6:34  Zergling x2, Extractor  
  47  6:38  Zergling x2  
  51  6:42  Spire  
  50  6:48  Zergling x2  
  50  6:53  Spore Crawler  
  50  6:55  Zergling x2  
  50  7:00  Overseer  
  51  7:07  Overlord x3  
  49  7:23  Pneumatized Carapace  
  49  7:33  Baneling x2  
  49  7:34  Baneling  
  49  7:35  Baneling  
  49  7:54  Mutalisk x3  
  49  7:55  Mutalisk  
  48  8:12  Zergling x2  
  48  8:13  Zergling x22  
  54  8:25  Zergling x2  
  54  8:26  Zergling x4  
  53  8:34  Baneling x2  
Show
View Real Time Build Order
Export as new Build Order

Lilbow Protoss - Winner!

Build Orders: 1 Gate Expand 

Get SALT Encoding   

  12  0:00  Probe (Chrono Boost)  
  13  0:11  Probe (Chrono Boost)  
  14  0:18  Pylon  
  14  0:22  Probe (Chrono Boost)  
  15  0:36  Probe (Chrono Boost)  
  15  0:38  Gateway  
  16  0:47  Probe (Chrono Boost)  
  16  0:48  Assimilator  
  17  0:58  Probe (Chrono Boost)  
  18  1:08  Probe (Chrono Boost)  
  19  1:19  Probe (Chrono Boost)  
  19  1:24  Nexus  
  20  1:37  Cybernetics Core  
  20  1:40  Probe (Chrono Boost)  
  20  1:44  Assimilator  
  21  1:51  Probe (Chrono Boost)  
  22  1:55  Pylon  
  22  2:01  Probe (Chrono Boost)  
  23  2:13  Stalker (Chrono Boost)  
  23  2:14  Probe (Chrono Boost), Warp Gate  
  26  2:26  Probe  
  27  2:35  Probe  
  28  2:38  Mothership Core (Chrono Boost)  
  28  2:40  Adept (Chrono Boost)  
  32  2:47  Probe (Chrono Boost)  
  33  2:58  Probe x2 (Chrono Boost)  
  35  3:04  Twilight Council  
  35  3:08  Probe x2 (Chrono Boost), Gateway  
  37  3:13  Gateway  
  39  3:21  Sentry  
  39  3:27  Pylon  
  39  3:30  Probe (Chrono Boost)  
  38  3:34  Pylon  
  38  3:36  Pylon  
  38  3:42  Probe (Chrono Boost)  
  38  3:46  Probe (Chrono Boost)  
  42  3:53  Probe (Chrono Boost)  
  42  3:55  Probe (Chrono Boost)  
  42  4:03  Pylon  
  42  4:04  Probe  
  42  4:05  Pylon  
  43  4:14  Gateway  
  43  4:20  Sentry x2  
  41  4:28  Probe  
  41  4:29  Probe  
  35  4:40  Probe  
  35  4:41  Probe  
  37  4:48  Pylon  
  35  4:53  Zealot  
  37  5:01  Probe  
  36  5:13  Probe  
  36  5:14  Adept  
  36  5:16  Probe  
  36  5:18  Adept  
  41  5:25  Probe  
  36  5:35  Adept  
  38  5:36  Adept  
  32  5:54  Gateway  
  32  5:55  Gateway  
  32  5:56  Sentry  
  34  5:57  Pylon  
  34  5:58  Sentry  
  34  6:16  Sentry  
  36  6:23  Sentry  
  38  6:29  Pylon  
  38  6:35  Pylon  
  38  6:37  Adept  
  40  6:49  Sentry, Adept  
  40  6:50  Adept  
  40  6:52  Gateway  
  46  6:55  Gateway  
  46  6:57  Sentry  
  48  7:02  Pylon  
  48  7:22  Sentry x2, Adept  
  54  7:23  Adept  
  56  7:37  Pylon  
  56  7:46  Adept x3  
  62  8:00  Stalker x2  
  66  8:17  Adept x3  
  58  8:26  Stalker  
  58  8:27  Stalker  
  60  8:40  Sentry  
  56  8:41  Zealot x2  
  52  8:55  Adept  
  50  8:56  Stalker  
Tags
 
Add a new tag
Caveats
  • Supply blocks, unpowered buildings, or Contaminate may cause inaccurate times.
  • Supply counts are checked every 10 seconds.